 Dungeon Crawl Stone Soup version 0.18-a0-993-g4a3b7c7 (webtiles) character file.

526837 Medar the Grand Gadgeteer (level 24, 116/265 HPs)
             Began as a Deep Dwarf Wanderer on Dec 11, 2015.
             Was the Champion of Pakellas.
             Starved to death
             ... while paralysed
             ... on level 2 of the Realm of Zot on Jan 4, 2016.
             The game lasted 04:40:21 (52423 turns).

Medar the Grand Gadgeteer (Deep Dwarf Wanderer)    Turns: 52423, Time: 04:40:22

Health: 116/265    AC: 45    Str: 34    XL:     24   Next: 29%
Magic:  35/35      EV: -1    Int: 14    God:    Pakellas [******]
Gold:   3101       SH:  0    Dex: 21    Spells: 0 memorised, 23 levels left

rFire  + + .     SeeInvis .     a - +5 great mace (flame)
rCold  + + +     Gourm    .     A - +10 storm dragon armour
rNeg   + + .     Faith    .     (shield currently unavailable)
rPois  +         Spirit   .     S - +2 helmet "Guegreig" {+Fly rPois Stlth-}
rElec  +         Dismiss  .     Y - +4 dragonskin cloak
rCorr  .         Reflect  +     o - +2 pair of gloves {Dex+3}
SustAt .         Harm     .     n - +0 pair of boots of Broken Taboos {rF+ MP+9}
MR     ++++.     Rnd*Rage +     J - +4 amulet of reflection
Stlth  ..........               T - ring of Souqeg {rF+ rC++ MR+ Slay+3}
                                H - ring "Ykhar" {+Blink rC+ Dex+4}

@: paralysed, mighty, very slightly contaminated, fainting, non-regenerating,
constricted, drained, invisible, incredibly resistant to hostile enchantments,
extremely unstealthy
A: damage resistance, recharge devices, camouflage 1, berserk 1, negative energy
resistance 1, sense surroundings 3, robust 1, slow regeneration 3, strong 2,
subdued magic 1
a: Device Recharging, Quick Charge, Device Surge, Renounce Religion, Evoke
Blink, Evoke Flight
}: 3/15 runes: barnacled, silver, gossamer


You were on level 2 of the Realm of Zot.
You worshipped Pakellas.
Pakellas was exalted by your worship.
You were fainting.

You visited 9 branches of the dungeon, and saw 48 of its levels.
You visited 2 bazaars.
You also visited: Bailey and Ice Cave.

You collected 6695 gold pieces.
You spent 3594 gold pieces at shops.

Inventory:

Hand Weapons
 a - a +5 great mace of flaming (weapon)
Armour
 n - the +0 pair of boots of Broken Taboos (worn) {rF+ MP+9}
   (You found it on level 8 of the Lair of Beasts)

   It protects you from fire.
   It affects your magic capacity (+9).
 o - a +2 pair of gloves of dexterity (worn)
 A - a +10 storm dragon armour (worn)
 S - the +2 helmet "Guegreig" (worn) {+Fly rPois Stlth-}
   (You found it on level 3 of the Depths)

   It protects you from poison.
   It lets you fly.
   It makes you less stealthy.
 Y - the +4 dragonskin cloak (worn)
   (You took it off Tiamat on level 5 of the Depths)
Rods
 b - a +7 lightning rod (17/17)
   (You found it on level 2 of the Shoals)
 c - a +2 rod of shadows (13/13) {!a}
   (Pakellas gifted it to you on level 15 of the Dungeon)
 d - a +8 iron rod (17/17)
   (Pakellas gifted it to you on level 5 of the Depths)
Jewellery
 r - an uncursed ring of see invisible
 H - the ring "Ykhar" (left hand) {+Blink rC+ Dex+4}
   (You found it on level 3 of the Depths)

   [ring of protection from cold]

   It affects your dexterity (+4).
   It protects you from cold.
   It lets you blink.
 J - a +4 amulet of reflection (around neck)
 T - the ring of Souqeg (right hand) {rF+ rC++ MR+ Slay+3}
   (You took it off a human on level 14 of the Dungeon)

   [ring of slaying]

   It affects your accuracy and damage with ranged weapons and melee attacks
   (+3).
   It protects you from fire.
   It greatly protects you from cold.
   It affects your resistance to hostile enchantments.
Wands
 f - a wand of fire (2/15)
 g - a supercharged wand of heal wounds (7/13)
 k - a wand of disintegration (16/24)
 l - a wand of fireball (10/15)
 w - a wand of invisibility (2/9)
 y - a wand of digging (6/24)
 E - a wand of teleportation (4/9)
 Q - a wand of hasting (6/9)
Scrolls
 j - 2 scrolls of blinking
 m - 15 scrolls of remove curse {@r1}
 p - a scroll of silence {!r}
 z - 7 scrolls of fear
 L - 3 scrolls of identify {@r2}
 N - 4 scrolls of magic mapping {@r3}
 R - 8 scrolls of teleportation
 V - a scroll of holy word
 X - 10 scrolls of fog
Potions
 q - 12 potions of curing {@q1}
 u - 2 potions of agility
 x - 7 potions of might
 B - 4 potions of cancellation
 D - 3 potions of berserk rage {!q}
 F - 5 potions of haste
 G - 5 potions of magic
 I - 3 potions of ambrosia
 M - 3 potions of resistance
 U - 8 potions of heal wounds
Miscellaneous
 e - 2 phantom mirrors
 s - a lamp of fire
 C - a legendary deck of summoning {the Crusade}
 K - a phial of floods
 O - a disc of storms
 P - a sack of spiders {used: 2}
 W - a stone of tremors
 Z - a box of beasts {used: 2}
Comestibles
 h - 26 bread rations {@e1}
 i - 53 fruits {@e3}
 t - a chunk of flesh


   Skills:
 + Level 19.0(18.9) Fighting
   Level 1.0(0.9) Short Blades
 - Level 20.1(19.9) Maces & Flails
 + Level 21.6(21.5) Armour
 + Level 16.2(16.1) Dodging
 - Level 2.4(2.3) Stealth
 O Level 27(26.8) Evocations


You had 23 spell levels left.
You didn't know any spells.

Dungeon Overview and Level Annotations

Branches:
Dungeon (15/15)            Temple (1/1) D:7            Lair (8/8) D:8
 Shoals (4/4) Lair:6       Spider (4/4) Lair:6        Slime (0/6) Lair:8
    Orc (4/4) D:11            Elf (0/3) Orc:4        Vaults (5/5) D:14
  Crypt (0/3) Vaults:2     Depths (5/5) D:15            Zot (2/5) Depths:5

Altars:
Ashenzari
Cheibriados
Dithmenos
Elyvilon
Fedhas
Gozag
Kikubaaqudgha
Makhleb
Nemelex Xobeh
Okawaru
Pakellas
Qazlal
Ru
Sif Muna
Trog
Vehumet
Xom
Yredelemnul
Zin
The Shining One
Beogh
Lugonu

Shops:
Orc:2 %   Orc:4 (:*?   Vaults:4 }

Portals:
Hell: Lair:8 Depths:1 Depths:2 Depths:3 Depths:4 Depths:5
Abyss: Depths:1 Depths:3 Depths:4
Pandemonium: Depths:3
Ziggurat: Depths:2
Trove: D:10 (give horn of Geryon)

Annotations:
D:3 gorblad's ghost, amateur OgGl
D:5 gorblad's ghost, novice DsCK
D:6 fredomojojo's ghost, novice MiFi


Innate Abilities, Weirdness & Mutations

You are resistant to damage.
You can recharge devices by infusing magical energy.
You resist negative energy.
You passively map a large area around you.
You do not regenerate naturally.
Your skin changes colour to match your surroundings (Stealth).
You tend to lose your temper in combat.
You are robust (+10% HP).
Your muscles are very strong. (Str +4)
Your spells are a little easier to cast, but a little less powerful.


Message History

Helpless, you fail to dodge the blast of cold.
You resist.
You hear a roar! x2
The death cob hits you.
You feel slightly more hungry. The death cob hits you!
You feel slightly more hungry.
The tentacled monstrosity tentacle-slaps you but does no damage. x3
The tentacled monstrosity constricts you.
The black draconian hits you but does no damage.
The soul eater hits you. The death cob hits you!
You feel slightly more hungry.
A purple draconian comes into view. It is wielding a short sword.
The purple draconian roars!
You hear a roar!
The red devil disappears in a puff of smoke!
The death cob completely misses you.
The tentacled monstrosity tentacle-slaps you.
The tentacled monstrosity tentacle-slaps you but does no damage. x2
The tentacled monstrosity constricts you.
The death cob hits you.
The purple draconian moves out of view.
The soul eater hits you but does no damage.
You have starved to death.
You die...

*,,,,,,,,,,,,,,,,(..,*,,,,,,**
*,,,,,********,.).....,,,,,,,,
***,,,,** *,,,.........,,,,,,,
*****,,,,,***,,,...#.....,,,,,*,
**,,,,,,,,,,,,,,,.........,,,,,,,
*,****,,,*,,,**,##d......#*,,,,,,
,** ******,,,,##dq⌠...⌠..**,,,,,
** *,,,*,,,#@X§.......,*,,<,, *
**,,,,,,,#z3d..⌠....,*,,,,*
*,,,,,,,,#.4<.....>.,*,,,**
*,,,,,,**#.D...⌠....,*,,,*
*,,,,,** #..........,*,,,*
******* ##..⌠...⌠..**,,,*
##.......#**,,,* *#....#### *,,,*


You could see a tentacled monstrosity, a black draconian, a green draconian, a
white draconian, a death cob, an ice dragon, a green draconian zealot, a soul
eater and a sixfirhy.

Vanquished Creatures
  2 juggernauts
  5 caustic shrikes
  4 golden dragons
  An electric golem (Zot:1)
  7 tentacled monstrosities
  4 liches
  4 titans
  4 quicksilver dragons
  Polyphemus (Shoals:3)
  2 krakens
  A death cob (Zot:1)
  4 sphinxes
  9 tengu reavers
  2 thorn hunters (Depths:4)
  Kirke (Lair:5)
  9 shadow dragons
  A revenant (Vaults:2)
  7 storm dragons
  Ilsuiw (Shoals:4)
  7 fire giants
  Maud (D:14)
  9 vault wardens
  2 deep elf sorcerers (Vaults:5)
  5 ghost moths
  3 draconian shifters
  2 deep elf elementalists
  8 frost giants
  2 orc warlords
  4 emperor scorpions
  A draconian zealot (Depths:5)
  3 iron dragons
  14 ironheart preservers
  4 war gargoyles
  8 very ugly things
  A draconian caller (Depths:5)
  4 green draconians
  A vampire knight (Depths:5)
  3 black draconians (Depths:5)
  4 deep elf demonologists
  20 stone giants
  2 salamander stormcallers (Vaults:3)
  A yellow draconian (Depths:5)
  2 red draconians (Zot:1)
  2 mottled draconians (Depths:5)
  2 purple draconians (Depths:5)
  2 white draconians
  4 deep elf annihilators
  13 ettins
  12 spark wasps
  A large abomination (Vaults:5)
  Snorg (Lair:6)
  3 deep elf death magi
  13 fire dragons
  29 vault guards
  10 merfolk impalers
  11 great orbs of eyes
  3 jiangshi (Depths:1)
  6 hydras
  2 deep elf high priests
  Harold (Orc:2)
  8 entropy weavers
  A hell beast (Depths:2)
  3 rakshasas
  14 yaktaur captains
  4 merfolk aquamancers
  A hydra (shapeshifter) (Vaults:4)
  8 ice dragons
  2 merfolk avatars (Shoals:4)
  3 alligator snapping turtles (Shoals:4)
  10 centaur warriors
  4 spriggan air magi
  4 tengu warriors
  A queen ant (Spider:3)
  3 vampire magi
  2 spriggan berserkers (Depths:5)
  13 death yaks
  2 satyrs (Shoals:4)
  Urug (Lair:1)
  15 ogre magi
  9 deep troll earth magi
  A small abomination (Vaults:5)
  A shock serpent (shapeshifter) (Vaults:5)
  13 deep troll shamans
  2 storm dragon zombies
  2 fire crabs
  6 deep elf knights
  A fire crab (shapeshifter) (Vaults:4)
  8 hell knights (Depths:3)
  4 shadow wraiths
  4 iron trolls
  8 skeletal warriors
  31 deep trolls
  10 sea snakes
  6 giant orange brains
  5 hill giants
  An unseen horror (Vaults:1)
  13 wizards
  A gelid demonspawn (Depths:3)
  A hill giant (shapeshifter) (Vaults:5)
  An unseen horror (shapeshifter) (Depths:3)
  7 necromancers
  19 orc knights
  5 deep elf archers
  13 harpies
  5 phantasmal warriors
  A wolf spider zombie (D:15)
  A golden dragon skeleton (D:15)
  2 flayed ghosts
  A sphinx zombie (Depths:3)
  18 ironbrand convokers
  24 wolf spiders
  An orb spider (shapeshifter) (D:14)
  8 hornets
  2 orc sorcerers (Orc:3)
  A tengu skeleton (Depths:3)
  13 orb spiders
  31 ugly things
  17 deep elf magi
  A hornet (shapeshifter) (Vaults:4)
  A cyclops (shapeshifter) (Vaults:5)
  8 manticores
  5 water nymphs
  4 fauns
  A sphinx skeleton (Vaults:3)
  A manticore (shapeshifter) (Vaults:4)
  4 cyclopes
  An iron dragon skeleton (Depths:3)
  3 ice statues (IceCv)
  4 salamanders (Vaults:3)
  A salamander (shapeshifter) (Vaults:4)
  12 sirens
  14 griffons
  11 elephants
  4 centaur zombies
  2 sixfirhies (Depths:3)
  A rust devil (Depths:3)
  8 black mambas
  2 human skeletons
  3 molten gargoyles
  A spriggan zombie (Depths:1)
  2 torpor snails
  3 orange demons (Lair:8)
  2 moths of wrath (Zot:1)
  2 yaktaurs (shapeshifter)
  16 vault sentinels
  3 yaktaur zombies
  3 gargoyles
  5 kobold demonologists
  15 spiny frogs
  A tormentor (Depths:3)
  An efreet (D:13)
  5 komodo dragons
  4 fire drakes (Lair:8)
  A yaktaur skeleton (Vaults:3)
  A red devil (Lair:8)
  26 yaktaurs
  17 demonic crawlers
  A hellwing (Lair:8)
  2 tengu conjurers
  8 freezing wraiths
  A golden dragon simulacrum (Depths:3)
  32 merfolk
  A spriggan skeleton (Depths:1)
  A polar bear (shapeshifter) (Vaults:4)
  4 trolls
  21 jumping spiders
  31 two-headed ogres
  11 wind drakes
  Prince Ribbit (D:6)
  11 blink frogs
  Grinder (D:4)
  A fire dragon zombie (Depths:1)
  A slime creature (shapeshifter) (Depths:4)
  7 boulder beetles
  9 snapping turtles
  17 slime creatures
  2 wyverns
  A deep troll zombie (Depths:1)
  2 trapdoor spiders (shapeshifter)
  19 trapdoor spiders
  A yak (shapeshifter) (Depths:2)
  48 redbacks
  A shadow (D:15)
  9 water elementals
  2 frost giant simulacra (Depths:1)
  25 tarantellas
  An ice dragon skeleton (D:15)
  14 air elementals
  3 hogs (Lair:5)
  A human (shapeshifter) (Vaults:2)
  2 wraiths
  2 basilisks
  35 yaks
  3 fire elementals (Depths:4)
  A mottled dragon (D:15)
  8 hippogriffs
  10 wolves
  3 hungry ghosts
  8 vampire mosquitoes
  Menkaure (D:5)
  16 humans (D:14)
  2 soldier ants (Spider:3)
  21 water moccasins
  3 wargs
  An entropy weaver simulacrum (Depths:1)
  2 soldier ants (shapeshifter)
  A hell hound (Depths:2)
  8 ice beasts
  9 porcupines
  2 eyes of draining
  2 black bears
  5 sky beasts
  2 black bears (shapeshifter)
  54 orc warriors
  5 wasps
  A wasp (shapeshifter) (Vaults:3)
  42 centaurs
  5 necrophages
  13 crocodiles
  2 elf skeletons
  70 ogres
  7 boggarts
  8 big kobolds
  16 giant frogs
  3 earth elementals (Depths:4)
  4 scorpions
  4 wights
  A wyvern skeleton (D:14)
  5 killer bees (D:11)
  A vampire bat (Orc:2)
  3 electric eels
  3 quasits
  4 crimson imps
  3 giant frog zombies
  6 hounds
  A wasp zombie (D:9)
  4 centaur skeletons
  2 giant frog skeletons
  25 orc wizards
  The ghost of coffecat the Scratcher, a weakling FeTm of Qazlal (D:4)
  6 jellies
  18 orc priests
  13 worker ants
  A human simulacrum (Vaults:2)
  4 iguanas
  A boulder beetle simulacrum (Vaults:2)
  A killer bee zombie (D:11)
  17 sheep
  A hound zombie (D:5)
  2 hound skeletons
  3 gnolls (Orc:1)
  Robin (D:2)
  13 adders
  52 river rats
  3 shadow imps
  An adder zombie (D:8)
  An ooze (D:6)
  2 adder skeletons
  4 worms
  4 giant geckos
  147 orcs
  4 ball pythons
  13 bats
  5 giant cockroaches
  8 hobgoblins
  21 jackals
  11 kobolds
  6 quokkas
  A giant gecko zombie (D:7)
  4 giant newts
  15 goblins
  A quokka skeleton (D:9)
  3 rats
  A bush (Lair:4)
  2 crawling corpses (Vaults:5)
  2 plants
  4 tentacles
2016 creatures vanquished.

Vanquished Creatures (collateral kills)
  Tiamat (Depths:5)
  Arachne (Spider:2)
  Rupert (Lair:4)
  The ghost of WhatIsLove the Tortoise, an adept DsBe of Lugonu (Shoals:2)
  A frost giant (Depths:3)
  A fire giant (Depths:2)
  The ghost of 4thArraOfDagon the Brawler, a journeyman TrEE of Cheibriados (Shoals:4)
  An emperor scorpion (Spider:1)
  2 ironheart preservers
  2 dire elephants (Lair:8)
  2 merfolk javelineers
  2 merfolk impalers
  A catoblepas (Shoals:3)
  2 hydras
  A merfolk avatar (Shoals:4)
  A centaur warrior (D:14)
  An ogre mage (Vaults:3)
  A spriggan berserker (Depths:3)
  3 death yaks
  A sun demon (Lair:8)
  An orange crystal statue (Depths:1)
  A hill giant (D:11)
  4 orc knights
  4 griffons
  2 orb spiders
  A harpy (Shoals:3)
  2 deep elf magi
  A necromancer (D:14)
  A hornet (Spider:2)
  2 ugly things
  2 wolf spiders
  An orc sorcerer (Orc:2)
  2 cyclopes
  A water nymph (Shoals:1)
  2 black mambas
  4 sirens
  A centaur zombie (D:15)
  2 elephants
  3 orange demons (Lair:8)
  A gargoyle (D:11)
  A smoke demon (Lair:8)
  2 spiny frogs (Lair:8)
  A kobold demonologist (D:15)
  A vault sentinel (Vaults:3)
  A demonic crawler (Spider:2)
  An ice devil (Lair:8)
  2 red devils (Lair:8)
  A komodo dragon (Lair:8)
  7 blink frogs
  A jumping spider (Spider:3)
  9 merfolk
  2 wind drakes
  A snapping turtle (Shoals:4)
  A yak (Lair:8)
  A hog (Lair:5)
  2 tarantellas
  9 redbacks
  A water elemental (Shoals:4)
  4 humans (D:14)
  A vampire mosquito (D:15)
  2 hippogriffs
  20 orc warriors
  2 wasps (Spider:4)
  2 ogres
  5 centaurs
  A crocodile (Lair:8)
  4 big kobolds (D:15)
  A giant frog (D:15)
  A crimson imp (D:11)
  2 orc priests
  3 orc wizards
  4 sheep
  9 river rats
  A giant gecko (D:11)
  23 orcs
  3 kobolds (D:15)
  A plant (Lair:5)
  A tentacle (Shoals:3)
  A withered plant (D:15)
200 creatures vanquished.

Vanquished Creatures (others)
  A ghost moth (Spider:2)
  An ironheart preserver (Vaults:3)
  A deep elf high priest (Vaults:5)
  A dancing weapon (Vaults:5)
  2 deep elf archers
  A deep elf mage (Vaults:1)
  Maurice (Orc:4)
  2 orc warriors
  A spiny frog (Lair:3)
  A yaktaur (Vaults:1)
  A blink frog (Lair:4)
  A boggart (Vaults:3)
  An orc (Orc:4)
  2 bushes (Lair:4)
  3 fire vortices (Depths:4)
  13 fungi
  25 plants
  17 tentacles
  729 tentacle segments
804 creatures vanquished.

Grand Total: 3020 creatures vanquished

Notes
Turn   | Place    | Note
--------------------------------------------------------------
     0 | D:1      | Medar the Deep Dwarf Wanderer began the quest for the Orb.
     0 | D:1      | Medar set off with: a +2 mace, a +0 shortbow, 25 arrows, a wand of random effects (15), a +0 robe, a +0 dagger, a wand of heal wounds (5), a bread ration {@e1}
     0 | D:1      | Reached XP level 1. HP: 19/19 MP: 2/2
   129 | D:1      | Reached XP level 2. HP: 23/26 MP: 3/3
   161 | D:1      | Reached skill level 3 in Maces & Flails
   446 | D:2      | Noticed Robin
   453 | D:2      | Killed Robin
   453 | D:2      | Reached XP level 3. HP: 30/32 MP: 4/4
   532 | D:2      | Reached skill level 4 in Maces & Flails
   707 | D:2      | Reached XP level 4. HP: 24/39 MP: 5/5
  1330 | D:3      | Reached skill level 5 in Maces & Flails
  1346 | D:3      | Reached XP level 5. HP: 41/45 MP: 6/6
  1482 | D:3      | Noticed gorblad's ghost (amateur OgGl)
  1840 | D:3      | Reached skill level 6 in Maces & Flails
  1847 | D:4      | Found a burning altar of Makhleb.
  1883 | D:4      | Noticed coffecat's ghost (weakling FeTm)
  1921 | D:4      | Killed coffecat's ghost
  1921 | D:4      | Reached XP level 6. HP: 48/52 MP: 7/7
  2245 | D:4      | Noticed Grinder
  2259 | D:4      | Killed Grinder
  2259 | D:4      | Reached skill level 7 in Maces & Flails
  2259 | D:4      | Reached XP level 7. HP: 47/58 MP: 7/7
  2310 | D:4      | Reached skill level 8 in Maces & Flails
  2647 | D:5      | Entered Level 5 of the Dungeon
  2753 | D:5      | Reached skill level 1 in Dodging
  2765 | D:5      | Noticed gorblad's ghost (novice DsCK)
  2783 | D:5      | Found a shattered altar of Ashenzari.
  2916 | D:5      | Noticed Menkaure
  2932 | D:5      | Killed Menkaure
  3306 | D:6      | Noticed Prince Ribbit
  3336 | D:6      | Killed Prince Ribbit
  3336 | D:6      | Reached XP level 8. HP: 50/69 MP: 8/8
  3369 | D:6      | Found a white marble altar of Elyvilon.
  3466 | D:6      | Noticed fredomojojo's ghost (novice MiFi)
  4010 | D:6      | Reached skill level 9 in Maces & Flails
  4146 | D:6      | Reached skill level 5 in Armour
  4170 | D:6      | Found a basalt altar of Yredelemnul.
  5007 | D:7      | Found a bloodstained altar of Trog.
  5039 | D:7      | Found a staircase to the Ecumenical Temple.
  5066 | Temple   | Entered the Ecumenical Temple
  5147 | D:7      | Gained mutation: You passively map the area around you. [Deep Dwarf growth]
  5147 | D:7      | Reached XP level 9. HP: 72/78 MP: 7/7
  5190 | D:7      | Found an oddly glowing altar of Pakellas.
  5199 | D:7      | Became a worshipper of Pakellas the Inventive
  5535 | D:7      | Found an iron altar of Okawaru.
  5942 | D:8      | Found an ancient bone altar of Kikubaaqudgha.
  6078 | D:8      | Reached skill level 5 in Fighting
  6163 | D:8      | Reached * piety under Pakellas
  6531 | D:8      | Found a staircase to the Lair.
  6752 | Lair:1   | Entered Level 1 of the Lair of Beasts
  6752 | Lair:1   | Noticed a black mamba
  6756 | Lair:1   | Killed a black mamba
  6796 | Lair:1   | Reached skill level 10 in Maces & Flails
  6796 | Lair:1   | Reached skill level 5 in Evocations
  6903 | Lair:1   | Reached XP level 10. HP: 73/91 MP: 9/9
  6932 | Lair:1   | Noticed Urug
  6947 | Lair:1   | Killed Urug
  7181 | Lair:1   | Noticed a black mamba
  7190 | Lair:1   | Killed a black mamba
  7847 | Lair:2   | Noticed a black mamba
  7860 | Lair:2   | Killed a black mamba
  7860 | Lair:2   | Reached ** piety under Pakellas
  7860 | Lair:2   | Received a gift from Pakellas
  8039 | Lair:2   | Got a slimy scale mail
  8050 | Lair:2   | Identified the cursed +1 scale mail of Divine Compulsion {rF- rC- Dex+6} (You found it on level 2 of the Lair of Beasts)
  8093 | Lair:2   | Reached skill level 11 in Maces & Flails
  8194 | Lair:2   | Upgraded the game from 0.18-a0-750-g37044d6 to 0.18-a0-801-gb01a236
  8209 | Lair:2   | Upgraded the game from 0.18-a0-801-gb01a236 to 0.18-a0-816-g97f838e
  8211 | Lair:2   | Reached XP level 11. HP: 42/100 MP: 7/11
  9996 | Lair:4   | Reached *** piety under Pakellas
 10309 | Lair:4   | Noticed a five-headed hydra
 10320 | Lair:4   | Killed a five-headed hydra
 10599 | Lair:4   | Noticed Rupert
 10693 | Lair:4   | Paralysed by Rupert for 6 turns
 10746 | Lair:4   | Noticed a death yak
 10746 | Lair:4   | Noticed a death yak
 10746 | Lair:4   | Noticed a death yak
 10746 | Lair:4   | Noticed a death yak
 10746 | Lair:4   | Noticed a death yak
 10746 | Lair:4   | Noticed a death yak
 10768 | Lair:3   | Killed a death yak
 10768 | Lair:3   | Reached skill level 10 in Evocations
 11042 | D:7      | Reached skill level 12 in Maces & Flails
 11488 | D:9      | Found a blossoming altar of Fedhas.
 11647 | D:9      | Reached **** piety under Pakellas
 11647 | D:9      | Received a gift from Pakellas
 11672 | D:9      | Identified a +3 rod of shadows (9/9) {!a} (Pakellas gifted it to you on level 9 of the Dungeon)
 11700 | D:9      | Found a basalt altar of Yredelemnul.
 12116 | D:10     | Entered Level 10 of the Dungeon
 12259 | D:10     | Found a portal to a secret trove of treasure.
 12626 | D:10     | Reached XP level 12. HP: 81/112 MP: 9/9
 12771 | D:11     | Noticed a centaur warrior
 12785 | D:11     | Killed a centaur warrior
 12933 | D:11     | Noticed an eight-headed hydra
 12941 | D:11     | Killed an eight-headed hydra
 12947 | D:11     | Reached skill level 13 in Maces & Flails
 13009 | D:11     | Reached ***** piety under Pakellas
 13882 | D:11     | Found a staircase to the Orcish Mines.
 13897 | D:11     | Upgraded the game from 0.18-a0-816-g97f838e to 0.18-a0-822-gb52b7b4
 13902 | Orc:1    | Entered Level 1 of the Orcish Mines
 13913 | Orc:1    | Found a roughly hewn altar of Beogh.
 14102 | Orc:1    | Reached skill level 14 in Maces & Flails
 14415 | Orc:2    | Noticed an orc warlord
 14948 | Lair:4   | Reached skill level 15 in Maces & Flails
 15302 | Lair:5   | Noticed a four-headed hydra
 15316 | Lair:5   | Killed a four-headed hydra
 15325 | Lair:5   | Noticed Kirke
 15429 | Lair:5   | Reached XP level 13. HP: 77/118 MP: 6/6
 15642 | Lair:5   | Reached ****** piety under Pakellas
 15643 | Lair:5   | Identified a supercharged wand of heal wounds (13) (supercharged by Pakellas)
 15687 | Lair:5   | Noticed a sphinx
 15691 | Lair:5   | Killed Kirke
 15844 | Lair:5   | Reached skill level 16 in Maces & Flails
 16572 | Lair:6   | Noticed Snorg
 16597 | Lair:6   | Killed Snorg
 16618 | Lair:6   | Found a staircase to the Shoals.
 17110 | Lair:6   | Found a hole to the Spider Nest.
 17330 | Lair:7   | Got a bloodstained mace
 17331 | Lair:7   | Identified the +8 mace "Plog" {flame, rPois rC+} (You found it on level 7 of the Lair of Beasts)
 17797 | Lair:8   | Entered Level 8 of the Lair of Beasts
 17860 | Lair:7   | Reached skill level 15 in Evocations
 18003 | Lair:8   | Received a gift from Pakellas
 18181 | Lair:8   | Gained mutation: You resist negative energy. [Deep Dwarf growth]
 18181 | Lair:8   | Reached XP level 14. HP: 37/127 MP: 3/11
 18201 | Lair:8   | Found a frozen archway.
 18211 | IceCv    | Entered an ice cave
 18991 | Lair:8   | Reached skill level 17 in Evocations
 19111 | Lair:8   | Found a staircase to the Slime Pits.
 19404 | Lair:8   | Got a pitted ring mail
 19475 | Lair:8   | Upgraded the game from 0.18-a0-822-gb52b7b4 to 0.18-a0-844-g9229740
 19857 | Lair:8   | Found a burning altar of Makhleb.
 19876 | Lair:8   | Found a gateway to Hell.
 19897 | Lair:8   | Gained mutation: You tend to lose your temper in combat. [potion of mutation]
 19897 | Lair:8   | Lost mutation: You tend to lose your temper in combat. [potion of mutation]
 19897 | Lair:8   | Gained mutation: You tend to lose your temper in combat. [potion of mutation]
 19898 | Lair:8   | Gained mutation: You have a somewhat thin skeletal structure (Dex +2, Stealth). [potion of mutation]
 19898 | Lair:8   | Gained mutation: You are robust (+10% HP). [potion of mutation]
 19898 | Lair:8   | Lost mutation: You have a somewhat thin skeletal structure (Dex +2, Stealth). [potion of mutation]
 19900 | Lair:8   | Got a pair of smoking boots
 19912 | Lair:8   | Identified the +0 pair of boots of Broken Taboos {rF+ MP+9} (You found it on level 8 of the Lair of Beasts)
 20184 | Lair:4   | Killed Rupert
 20500 | Orc:2    | Killed an orc warlord
 20554 | Orc:2    | Found Quthry's Food Shop.
 20805 | Orc:2    | Noticed Harold
 20820 | Orc:2    | Killed Harold
 21064 | Orc:3    | Found a bloodstained altar of Trog.
 21270 | Orc:3    | HP: 7/141 [orc warrior/trident[an orc knight] (7)]
 21440 | Orc:4    | Entered Level 4 of the Orcish Mines
 21492 | Orc:4    | Noticed Maurice
 21539 | Orc:4    | Killed Maurice
 21796 | Orc:4    | Received a gift from Pakellas
 21825 | Orc:4    | Found a staircase to the Elven Halls.
 21880 | Orc:4    | Noticed an orc warlord
 22014 | Orc:3    | Killed an orc warlord
 22174 | Orc:4    | Reached XP level 15. HP: 58/149 MP: 8/13
 22575 | Orc:4    | Found Sots's Book Shoppe.
 22575 | Orc:4    | Found Lugit's General Store.
 22577 | Orc:4    | Found Benirei's Magic Scroll Shop.
 22579 | Orc:4    | Found Issiad's Antique Weapon Emporium.
 22584 | Orc:4    | Bought 2 scrolls of fog for 60 gold pieces
 22584 | Orc:4    | Bought a scroll of identify for 30 gold pieces
 22586 | Orc:4    | Bought a scroll of random uselessness for 13 gold pieces
 22586 | Orc:4    | Bought a scroll of holy word for 97 gold pieces
 22586 | Orc:4    | Bought a scroll of fear for 45 gold pieces
 22586 | Orc:4    | Bought a scroll of recharging for 123 gold pieces
 22586 | Orc:4    | Bought a scroll of identify for 26 gold pieces
 22586 | Orc:4    | Bought a scroll of identify for 26 gold pieces
 22603 | Orc:4    | Bought a scroll of magic mapping for 45 gold pieces
 22603 | Orc:4    | Bought a scroll of magic mapping for 45 gold pieces
 22603 | Orc:4    | Bought a scroll of magic mapping for 45 gold pieces
 22875 | D:12     | Got a wavering copper ring
 22877 | D:12     | Identified the ring "Plog" {rC+ MR- Str+2 Stlth+} (You found it on level 12 of the Dungeon)
 22936 | D:12     | Found a flagged portal.
 22956 | Bailey   | Entered a bailey
 25067 | D:13     | Gained mutation: Your skin changes colour to match your surroundings (Stealth). [mutagenic meat]
 25068 | D:13     | Gained mutation: Your muscles are strong. (Str +2) [mutagenic meat]
 25630 | D:13     | Reached skill level 18 in Maces & Flails
 25914 | D:14     | Got a faintly glowing brass ring
 25916 | D:14     | Identified the ring of Souqeg {rF+ rC++ MR+ Slay+3} (You took it off a human on level 14 of the Dungeon)
 25959 | D:14     | Noticed Maud
 25981 | D:14     | Killed Maud
 26109 | D:14     | Found a gate to the Vaults.
 26626 | D:15     | Entered Level 15 of the Dungeon
 26667 | D:15     | Gained mutation: Your spells are a little easier to cast, but a little less powerful. [mutagenic meat]
 26668 | D:15     | Gained mutation: Your muscles are very strong. (Str +4) [mutagenic meat]
 26669 | D:15     | Gained mutation: You evolve. [mutagenic meat]
 26689 | D:15     | Reached skill level 19 in Maces & Flails
 26698 | D:15     | Found a staircase to the Depths.
 26849 | D:15     | Identified 3 scrolls of acquirement
 27166 | D:15     | Received a gift from Pakellas
 27175 | D:15     | Identified a +2 rod of shadows (13/13) {!a} (Pakellas gifted it to you on level 15 of the Dungeon)
 27317 | D:15     | Found a deep blue altar of Sif Muna.
 27972 | Spider:1 | Entered Level 1 of the Spider Nest
 28026 | Spider:1 | Reached XP level 16. HP: 155/158 MP: 15/15
 29028 | Spider:2 | Reached skill level 20 in Evocations
 29049 | Spider:2 | Noticed Arachne
 29069 | Spider:2 | Killed Arachne
 29439 | Spider:3 | Reached skill level 21 in Evocations
 29714 | Spider:3 | Reached skill level 22 in Evocations
 30375 | Spider:3 | Reached skill level 23 in Evocations
 30394 | Spider:4 | Entered Level 4 of the Spider Nest
 30821 | Spider:4 | Received a gift from Pakellas
 31159 | Spider:4 | Reached XP level 17. HP: 114/166 MP: 14/18
 31197 | Spider:4 | Reached skill level 24 in Evocations
 31694 | Spider:4 | Got a gossamer rune of Zot
 31874 | Shoals:1 | Entered Level 1 of the Shoals
 32149 | Shoals:1 | Lost mutation: You evolve. [evolution]
 32453 | Shoals:2 | Found a flickering gateway to a bazaar.
 32490 | Bazaar   | Entered a bazaar
 32490 | Bazaar   | Found Picw's General Store.
 32490 | Bazaar   | Found Oshroi Hafue's Antique Weapon Shop.
 32490 | Bazaar   | Found Roxoat's Food Shoppe.
 32490 | Bazaar   | Found Qaliumm's Antique Weapon Shop.
 32492 | Bazaar   | Found Waag's Assorted Antiques.
 32500 | Bazaar   | Bought a pair of runed gloves for 171 gold pieces
 32545 | Bazaar   | Bought a potion of curing for 39 gold pieces
 32545 | Bazaar   | Bought a scroll of recharging for 123 gold pieces
 32545 | Bazaar   | Bought a potion of curing for 39 gold pieces
 32545 | Bazaar   | Bought a scroll of enchant armour for 97 gold pieces
 32545 | Bazaar   | Bought a potion of agility for 52 gold pieces
 32550 | Bazaar   | Bought a bread ration for 65 gold pieces
 32553 | Bazaar   | Bought a bread ration for 60 gold pieces
 32553 | Bazaar   | Bought a bread ration for 60 gold pieces
 32553 | Bazaar   | Bought a bread ration for 60 gold pieces
 32556 | Bazaar   | Bought a wooden ring for 190 gold pieces
 32560 | Bazaar   | Bought a scroll of fog for 76 gold pieces
 32560 | Bazaar   | Bought a scroll of fear for 133 gold pieces
 32560 | Bazaar   | Bought a potion of curing for 114 gold pieces
 32560 | Bazaar   | Bought a scroll of magic mapping for 133 gold pieces
 32560 | Bazaar   | Bought a potion of brilliance for 152 gold pieces
 32560 | Bazaar   | Bought a scroll of magic mapping for 133 gold pieces
 32560 | Bazaar   | Bought a scroll of identify for 76 gold pieces
 32560 | Bazaar   | Bought a potion of might for 152 gold pieces
 32792 | Shoals:2 | Reached skill level 25 in Evocations
 32916 | Shoals:2 | Noticed WhatIsLove's ghost (adept DsBe)
 32937 | Shoals:2 | Killed WhatIsLove's ghost
 33048 | Shoals:2 | Found a runed door.
 33747 | Shoals:3 | Noticed Polyphemus
 33764 | Shoals:3 | Reached skill level 26 in Evocations
 33764 | Shoals:3 | Killed Polyphemus
 34129 | Shoals:4 | Entered Level 4 of the Shoals
 34296 | Shoals:4 | Noticed Ilsuiw
 34328 | Shoals:3 | Gained mutation: You passively map a large area around you. [Deep Dwarf growth]
 34328 | Shoals:3 | Reached XP level 18. HP: 106/174 MP: 12/21
 34400 | Shoals:4 | Killed Ilsuiw
 34465 | Shoals:4 | Got a smoking scythe {venom}
 34573 | Shoals:4 | Got a barnacled rune of Zot
 34618 | Shoals:4 | Reached skill level 27 in Evocations
 34691 | Shoals:4 | Noticed 4thArraOfDagon's ghost (journeyman TrEE)
 34710 | Shoals:4 | Killed 4thArraOfDagon's ghost
 34710 | Shoals:4 | Reached skill level 10 in Armour
 34908 | Shoals:4 | Received a gift from Pakellas
 35220 | Shoals:4 | Reached skill level 10 in Fighting
 35603 | Lair:6   | Upgraded the game from 0.18-a0-844-g9229740 to 0.18-a0-846-g91b95b1
 35603 | Lair:6   | Upgraded the game from 0.18-a0-846-g91b95b1 to 0.18-a0-867-gfd1cc8f
 35986 | Vaults:1 | Entered Level 1 of the Vaults
 37747 | Vaults:2 | Found a staircase to the Crypt.
 38213 | Vaults:2 | Reached XP level 19. HP: 157/192 MP: 21/22
 38406 | Vaults:2 | Upgraded the game from 0.18-a0-867-gfd1cc8f to 0.18-a0-884-gb6cfd45
 38785 | Vaults:3 | Received a gift from Pakellas
 40132 | Vaults:4 | Reached skill level 15 in Armour
 40468 | Vaults:4 | Reached XP level 20. HP: 190/207 MP: 20/23
 41018 | Vaults:4 | Found Pecopsit's Gadget Shoppe.
 41254 | Vaults:4 | Upgraded the game from 0.18-a0-884-gb6cfd45 to 0.18-a0-888-gdb73dea
 41509 | Depths:1 | Entered Level 1 of the Depths
 41875 | Depths:1 | Reached skill level 5 in Dodging
 42013 | Depths:1 | Found a one-way gate to the infinite horrors of the Abyss.
 42322 | Depths:1 | Received a gift from Pakellas
 42880 | Depths:2 | Reached skill level 15 in Fighting
 43063 | Depths:2 | Found a gateway to a ziggurat.
 43242 | Depths:2 | Noticed a juggernaut
 43259 | Depths:2 | Killed a juggernaut
 43369 | Depths:2 | Reached XP level 21. HP: 153/221 MP: 24/24
 43371 | Depths:2 | Upgraded the game from 0.18-a0-888-gdb73dea to 0.18-a0-960-g77c8fc5
 43437 | Depths:2 | Got a brightly glowing golden amulet
 43441 | Depths:2 | Identified the amulet "Suxeowu" {Harm *Drain rN+} (You took it off a tengu reaver on level 2 of the Depths)
 44008 | Depths:3 | Found a one-way gate leading to the halls of Pandemonium.
 44541 | Depths:3 | Got a scorched helmet
 44552 | Depths:3 | Identified the +2 helmet "Guegreig" {+Fly rPois Stlth-} (You found it on level 3 of the Depths)
 44563 | Depths:3 | Got a faintly glowing cloak
 44574 | Depths:3 | Identified the +0 cloak of Duck's Teeth {rC- rN+ Dex+8 Stlth-} (You acquired it on level 3 of the Depths)
 45734 | Depths:3 | Reached skill level 10 in Dodging
 45872 | Depths:3 | Got a heavily runed turquoise ring
 45873 | Depths:3 | Identified the ring "Ykhar" {+Blink rC+ Dex+4} (You found it on level 3 of the Depths)
 45942 | Depths:4 | Upgraded the game from 0.18-a0-960-g77c8fc5 to 0.18-a0-965-g9200175
 45999 | Depths:4 | Noticed a caustic shrike
 45999 | Depths:4 | Noticed a caustic shrike
 46010 | Depths:4 | Noticed a caustic shrike
 46010 | Depths:4 | Noticed a caustic shrike
 46011 | Depths:4 | Noticed a caustic shrike
 46113 | Depths:3 | Killed a caustic shrike
 46248 | Depths:4 | Killed a caustic shrike
 46260 | Depths:3 | Killed a caustic shrike
 46294 | Depths:3 | Killed a caustic shrike
 46384 | Depths:4 | Killed a caustic shrike
 46699 | Depths:4 | Found a corrupted altar of Lugonu.
 47313 | Depths:4 | Reached XP level 22. HP: 199/235 MP: 25/25
 47530 | Depths:5 | Entered Level 5 of the Depths
 47670 | Depths:5 | Found a flickering gateway to a bazaar.
 47692 | Bazaar   | Entered a bazaar
 47704 | Bazaar   | Found Dovarusm's Weapon Emporium.
 47712 | Bazaar   | Found Cocluu's Gadget Shop.
 47745 | Bazaar   | Found Boickaff's Antique Weapon Shop.
 47749 | Bazaar   | Found Wecoozo's Antique Armour Shoppe.
 47757 | Bazaar   | Bought a shiny helmet for 117 gold pieces
 47757 | Bazaar   | Bought an embroidered cloak for 117 gold pieces
 47836 | Bazaar   | Bought a phantom mirror for 330 gold pieces
 47836 | Bazaar   | Bought a wand of fire (8/15) for 264 gold pieces
 47836 | Bazaar   | Bought a legendary deck of summoning for 286 gold pieces
 48242 | Depths:5 | Found a gate to the Realm of Zot.
 48321 | Depths:5 | Received a gift from Pakellas
 48554 | Depths:5 | Noticed a juggernaut
 48567 | Depths:5 | Killed a juggernaut
 49206 | Depths:5 | Upgraded the game from 0.18-a0-965-g9200175 to 0.18-a0-990-g74cdb39
 49602 | Vaults:5 | Entered Level 5 of the Vaults
 49805 | Vaults:5 | Noticed a golden dragon
 49914 | Vaults:4 | Killed a golden dragon
 49951 | Vaults:4 | Reached XP level 23. HP: 209/248 MP: 14/26
 50537 | Vaults:5 | Got an encrusted plate armour
 50538 | Vaults:5 | Identified the +0 plate armour "Ciolouz" {rN+ Regen+ Stlth+} (You found it on level 5 of the Vaults)
 50737 | Vaults:5 | Reached skill level 15 in Dodging
 51040 | Vaults:5 | Got a silver rune of Zot
 51042 | Vaults:5 | Got an ancient brass ring
 51043 | Vaults:5 | Identified the ring "Doblo" {rPois rN+ MR+ Int+7} (You found it on level 5 of the Vaults)
 51267 | Vaults:5 | Received a gift from Pakellas
 51640 | Vaults:5 | Reached XP level 24. HP: 255/261 MP: 16/26
 51719 | Vaults:5 | Upgraded the game from 0.18-a0-990-g74cdb39 to 0.18-a0-993-g4a3b7c7
 52072 | Zot:1    | Entered Level 1 of the Realm of Zot
 52134 | Zot:1    | Noticed Tiamat
 52238 | Depths:5 | Killed Tiamat
 52423 | Zot:2    | Starved to death

Vault maps used:
D:1:      eino_arrival_cavern_a, minmay_cupped
D:2:      uniq_robin
D:3:      dk_vineyard_3, kennysheep_decorative_pillar
D:4:      makhleb_heckhound_becter, uniq_grinder
D:5:      evilmike_ruin_ashenzari, first_bread, kennysheep_generic_room_7,
          uniq_menkaure
D:6:      nicolae_overflow_crystal_walls, yredelemnul_altar_generic,
          uniq_prince_ribbit1
D:7:      kennysheep_mini_moat, lemuel_doored_altar,
          johnstein_pakellas_death_squad, minmay_temple_entry_mist
D:8:      kiku_gazebo_garden_becter, lair_0_dummy
D:9:      lemuel_round_altar, hangedman_tree_tricks
D:10:     nicolae_trove_entry_columns
D:11:     erik_orc_2
D:12:     enter_bailey_3, kennysheep_generic_room_3
D:13:     lemuel_ice_spiral_2
D:14:     grunt_vaults_entry_tiered, uniq_maud
D:15:     gammafunk_depths_entry_grave, lemuel_centaur_altar
Temple:   nicolae_temple_x_marks_the_god
Lair:1:   uniq_urug
Lair:3:   bh_autumn_forest_stairs
Lair:4:   serial_forest, infiniplex_forest_clump_diagonal,
          infiniplex_forest_clump_diagonal, infiniplex_forest_clump_diagonal,
          infiniplex_forest_lined_3, infiniplex_forest_lined_3_way,
          infiniplex_forest_end_3, infiniplex_forest_clump_small,
          infiniplex_forest_end_2, infiniplex_forest_clump_tiny,
          nicolae_quartered_pool_medium, roderic_carrion_pond, uniq_rupert
Lair:5:   uniq_kirke
Lair:6:   minmay_shoals_entry_centaurs, spider_nest_entry_funnel_web,
          grunt_megastairs_5, uniq_snorg
Lair:7:   st_stairs_12, minmay_holes
Lair:8:   evil_forest, slime_dummy, portal_ice_cave_entry_dragon, minivault_11,
          st_stairs_11
Shoals:2: serial_shops, bzr_entry_safe, lightli_airlock
Shoals:3: wheals_shoals_ruined_temple, uniq_polyphemus
Shoals:4: shoals_end_hangedman, shoal_ilsuiw
Spider:1: lemuel_spider_zombies
Spider:2: uniq_arachne
Spider:3: spider_trap, nicolae_spider_circle_web, nicolae_spider_ant_collections
Spider:4: guppyfry_spider_rune, spiders_nest_ghost_moth_duel
Orc:1:    mines2_david
Orc:2:    serial_shops, shop, roderic_batcave, uniq_harold
Orc:3:    basic_altar
Orc:4:    st_orc_rangers, uniq_maurice
Vaults:1: v_misc_26, ontoclasm_vaults_pinch,
          hangedman_vaults_stretched_pinwheel, vaults_room_fours,
          nicolae_vaults_twisting_passages, v_rooms_5, v_rooms_1,
          vaults_dpeg_cross, v_misc_28
Vaults:2: ontoclasm_vaults_ligature, minmay_crypt_entry_simple_statues,
          v_misc_5, v_misc_26, hangedman_vaults_slice, v_misc_14,
          ontoclasm_vaults_tryst
Vaults:3: v_rooms_6, nicolae_vaults_circle_grid_a, dpeg_vaults_monster_box,
          v_pattern_1, nicolae_vaults_c_with_doors, hangedman_vaults_unwind,
          vaults_room_octagon, nicolae_vaults_gold_heap, grunt_vaults_focal,
          v_misc_29, vaults_room_semicircle,
          hangedman_vaults_stretched_pinwheel, nicolae_vaults_little_squares_6,
          v_alt_pattern_5, grunt_vaults_hallway_short
Vaults:4: hangedman_vaults_capsules, ontoclasm_vaults_idyll,
          vaults_mumra_minichess, v_misc_32, v_pattern_3, v_misc_8,
          vaults_room_door_hall, ontoclasm_vaults_hangar, serial_shops,
          nicolae_shop_waterfront
Depths:1: hangedman_coc_ice_floe, abyss_entry, serial_glass, glass_columns_b,
          glass_columns_c, minmay_fountain_box, minivault_16, solitary_fountain,
          lemuel_old_faithful
Depths:2: minmay_stepped, enter_ziggurat_f, grunt_mini_vestibule,
          nicolae_abyss_entry_one_way_or_another, minmay_tree_intersection,
          grunt_ministairs_4
Depths:3: minmay_smoke_and_mirrors, abyss_entry_crystal, rand_demon_pan_entry_7,
          hell_entry, minmay_misc_feat_roman, basic_stair_grate_trap,
          infiniplex_staircase_diamond
Depths:4: mu_elemental_laboratory, hell_entry, abyss_entry_flame_altar,
          hangedman_glass_teeth
Depths:5: grunt_zot_entry_funnels, serial_shops, bzr_entry_gold, hell_entry,
          minmay_misc_feat_square, grunt_ministairs_12,
          minmay_misc_feat_diagonals, grunt_megastairs_4
Zot:1:    uniq_tiamat
Zot:2:    grunt_ministairs_10
Bazaar:   bazaar_minmay_generic_island, bazaar_kb_twisted_cavern
Bailey:   bailey_polearm_5, bailey
IceCv:    ice_cave_statue_garden_02

Action                   |  1- 3 |  4- 6 |  7- 9 | 10-12 | 13-15 | 16-18 | 19-21 | 22-24 || total
-------------------------+-------+-------+-------+-------+-------+-------+-------+-------++-------
Melee: Mace              |   116 |    83 |       |       |    79 |       |       |       ||   278
       Flail             |       |   167 |   538 |   827 |       |       |       |       ||  1532
       Morningstar       |       |       |       |   420 |  1045 |       |       |       ||  1465
       Great mace        |       |       |       |       |   966 |  1511 |  1648 |  1263 ||  5388
 Fire: Shortbow          |       |    29 |       |       |       |       |       |       ||    29
Throw: Tomahawk          |       |       |     4 |       |       |       |       |       ||     4
Invok: Quick Charge      |       |       |       |     4 |    31 |    29 |    32 |    25 ||   121
       Device Surge      |       |       |       |     1 |     2 |       |       |       ||     3
       Supercharge       |       |       |       |       |     1 |       |       |       ||     1
 Abil: Device Recharging |       |     1 |     4 |     9 |       |       |       |       ||    14
       Evoke Berserk Rag |       |       |       |       |     4 |       |       |       ||     4
       Evoke Flight      |       |       |       |       |       |       |     1 |     1 ||     2
       Evoke Blink       |       |       |       |       |       |       |       |     3 ||     3
Evoke: Wand              |     4 |     9 |    34 |   143 |   180 |   189 |   118 |   124 ||   801
       Rod               |       |       |       |    15 |    54 |    61 |    67 |    25 ||   222
       Lamp of fire      |       |       |       |       |     1 |     3 |     3 |     2 ||     9
       Phial of floods   |       |       |       |       |     1 |     2 |     3 |     2 ||     8
       Disc of storms    |       |       |       |       |       |    20 |     1 |       ||    21
       Sack of spiders   |       |       |       |       |       |     1 |     2 |       ||     3
       Box of beasts     |       |       |       |       |       |       |       |     2 ||     2
  Use: Potion            |     1 |       |     1 |     5 |     6 |    14 |     4 |     1 ||    32
       Scroll            |       |     9 |     4 |    19 |    25 |     7 |    21 |    18 ||   103
 Stab: Sleeping          |     1 |       |       |       |       |       |       |       ||     1
       Paralysed         |       |       |     2 |    16 |    27 |     1 |       |       ||    46
       Confused          |       |       |       |    13 |     5 |       |       |       ||    18
       Distracted        |       |       |       |     3 |     5 |     1 |       |     1 ||    10
       Betrayed ally     |       |       |       |     1 |       |       |       |       ||     1
       Petrifying        |       |       |       |       |     2 |       |       |       ||     2
       Petrified         |       |       |       |       |     1 |     1 |       |       ||     2
       Invisible         |       |       |       |       |       |       |       |    20 ||    20
  Eat: Chunk             |       |     5 |     9 |    23 |    70 |    47 |    38 |    29 ||   221
       Beef jerky        |       |       |     1 |     2 |       |     1 |       |       ||     4
       Meat ration       |       |       |     1 |     3 |       |     1 |       |       ||     5
       Pizza             |       |       |       |       |     2 |       |       |       ||     2
       Royal jelly       |       |       |       |       |     1 |       |       |       ||     1
       Bread ration      |       |       |       |       |       |     1 |     2 |     2 ||     5
       Fruit             |       |       |       |       |       |     1 |       |       ||     1
